 Dungeon Crawl Stone Soup version 0.31.0-32-g396128a36d (webtiles) character file.

Game seed: 3988952833645023725

886 NotreDorf the Poker (level 8, -7/62 HPs)
             Began as a Merfolk Gladiator on Mar 23, 2024.
             Mangled by Menkaure (20 damage)
             ... on level 5 of the Dungeon.
             The game lasted 00:16:02 (4463 turns).

NotreDorf the Poker (Merfolk Gladiator)             Turns: 4463, Time: 00:16:03

Health: -7/62      AC:  6    Str: 16    XL:     8   Next: 5%
Magic:  8/8        EV: 13    Int:  8    God:
Gold:   173        SH:  0    Dex: 15    Spells: 7/7 levels left

rFire   . . .        a - +0 trident
rCold   . . .        (no shield)
rNeg    . . .        w - +0 ring mail of the Hills {Will+ Regen+ rCorr}
rPois   .            c - +0 helmet
rElec   .            (no cloak)
rCorr   +            (no gloves)
SInv    .            (no boots)
Will    +....        (no amulet)
Stlth   ++           (no ring)
HPRegen 1.10/turn    (no ring)
MPRegen 0.11/turn

%: no passive effects
@: no status effects
A: (nimble swimmer 2), mertail
a: no special abilities


You were on level 5 of the Dungeon.
You visited 1 branch of the dungeon, and saw 5 of its levels.

You collected 389 gold pieces.
You spent 216 gold pieces at shops.

Inventory:

Hand Weapons
 a - a +0 trident (weapon)
Missiles
 d - 2 throwing nets (quivered)
 m - 9 poisoned darts
Armour
 c - a +0 helmet (worn)
 w - the +0 ring mail of the Hills (worn) {Will+ Regen+ rCorr}
   (You bought it in a shop on level 4 of the Dungeon)

   Will+:     It increases your willpower.
   Regen+:    It increases your rate of health regeneration.
   rCorr:     It protects you from acid and corrosion.
Wands
 f - a wand of flame (25)
 r - a wand of acid (7)
 t - a wand of mindburst (12)
 x - a wand of polymorph (10)
Scrolls
 h - a scroll of poison {unknown}
 i - 3 scrolls of enchant weapon {unknown}
 j - a scroll of enchant armour {unknown}
 k - a scroll of noise {unknown}
 l - a scroll of torment {unknown}
 o - a scroll of fear {unknown}
 p - 2 scrolls of teleportation {unknown}
 u - a scroll of silence {unknown}
 v - 2 scrolls of identify {unknown}
Potions
 b - a potion of attraction {unknown}
 e - a potion of magic {unknown}
 g - a potion of curing
 n - a potion of heal wounds {unknown}
 q - a potion of lignification {unknown}
 s - a potion of might {unknown}


   Skills:
 + Level 5.2 Fighting
 + Level 7.0 Polearms
 - Level 2.0 Throwing
 + Level 7.0 Dodging
 + Level 5.0 Stealth


You had 7 spell levels left.
You didn't know any spells.
Your spell library contained the following spells:

 Spells                   Type           Power      Damage    Failure   Level
 Lesser Beckoning         Tloc           0%         N/A       77%         2
 Gell's Gravitas          Tloc           0%         N/A       94%         3
 Teleport Other           Tloc           0%         N/A       94%         3


Dungeon Overview and Level Annotations

Branches:
Dungeon (5/15)
 Temple: D:4-7

Altars:
Gozag
Uskayaw

Shops:
D:4 *

Annotations:
D:5 Menkaure


Innate Abilities, Weirdness & Mutations

((You are very nimble when in or above water. (Stealth+, EV+, Speed+++)))
Your lower body shifts to a powerful aquatic tail in water.


Message History

You now have 173 gold pieces (gained 13).
Found a stone staircase leading down.
Menkaure is nearby!
Menkaure shouts!
You hear an angry hiss.
An adder comes into view.
Found a twisted iron wand.
You reach to attack!
You hit Menkaure.
Menkaure is lightly damaged.
You hit the adder but do no damage. The adder misses you.
Menkaure barely misses you.
You puncture the adder!
You kill the adder!
Menkaure barely misses you.
You hit Menkaure.
Menkaure is lightly damaged.
You hit Menkaure.
Menkaure is moderately damaged.
Menkaure hits you!!
You hit Menkaure.
Menkaure is moderately damaged.
Menkaure hits you!
You hit Menkaure.
Menkaure is heavily damaged.
Menkaure calls on the powers of darkness!
Your body is wracked with pain!
* * * LOW HITPOINT WARNING * * *
You barely miss Menkaure.
Menkaure is heavily damaged.
You hit Menkaure.
Menkaure is heavily damaged.
Menkaure calls on the powers of darkness!
Your body is wracked with pain!
* * * LOW HITPOINT WARNING * * *
You hit Menkaure.
Menkaure is heavily damaged.
Menkaure closely misses you.
You barely miss Menkaure.
Menkaure is heavily damaged.
Menkaure hits you!!
You die...

.......# .................##.....
........................
............$.# ##......
....../...(...# ...###..
..........>.... . ##...#
............# ###..###
......M†...# #...##
.......@##.######.####
#########.....................#
........#.....#####.###.......###
........#..#. #.............#
...........# #..##########.#
.....M.<..# ###..### #.#
........#...# ###......# #.#
........# .## #...####.# ####.#
......... # ##.### ..# #.....


You could see Menkaure.

Vanquished Creatures
  Sigmund (D:3)
  Edmund (D:4)
  A water moccasin (D:5)
  An ogre (D:4)
  A scorpion (D:4)
  A jelly (D:5)
  4 hounds
  A sleepcap (D:4)
  Robin (D:2)
  4 adders
  A white imp (D:5)
  2 ufetubi (D:5)
  4 dart slugs
  2 ribbon worms (D:2)
  6 orcs
  6 ball pythons
  8 bats
  10 endoplasms
  2 giant cockroaches
  15 goblins
  11 hobgoblins
  11 jackals
  2 quokkas
  4 frilled lizards
  2 kobolds (D:4)
  3 rats
105 creatures vanquished.

Vanquished Creatures (others)
  A goblin (D:2)
1 creature vanquished.

Grand Total: 106 creatures vanquished

Notes
Turn   | Place    | Note
-------+----------+-------------------------------------------
     0 | D:1      | NotreDorf the Merfolk Gladiator began the quest for the
                  | Orb.
     0 | D:1      | Reached XP level 1. HP: 16/16 MP: 1/1
    76 | D:1      | Found a faded altar of an unknown god.
   110 | D:1      | Reached XP level 2. HP: 23/23 MP: 2/2
   175 | D:1      | Reached skill level 1 in Stealth
   363 | D:1      | Reached XP level 3. HP: 28/28 MP: 3/3
   759 | D:2      | Noticed Robin
   906 | D:2      | Killed Robin
   907 | D:2      | Reached XP level 4. HP: 5/34 MP: 4/4
  2173 | D:3      | Reached skill level 5 in Polearms
  2173 | D:3      | Reached skill level 5 in Dodging
  2173 | D:3      | Reached XP level 5. HP: 38/41 MP: 5/5
  2207 | D:3      | Noticed Sigmund
  2228 | D:3      | Killed Sigmund
  2229 | D:3      | Reached XP level 6. HP: 24/48 MP: 6/6
  2508 | D:3      | Found a hide-covered altar of Uskayaw.
  2508 | D:3      | Found an opulent altar of Gozag.
  3332 | D:4      | Found Qihopp's Assorted Antiques.
  3336 | D:4      | Bought a shimmering ring mail for 216 gold pieces
  3336 | D:4      | Identified the +0 ring mail of the Hills {Will+ Regen+
                  | rCorr} (You bought it in a shop on level 4 of the Dungeon)
  3620 | D:4      | Noticed Edmund
  3649 | D:4      | Killed Edmund
  3650 | D:4      | Reached XP level 7. HP: 8/55 MP: 7/7
  3967 | D:5      | Entered Level 5 of the Dungeon
  3980 | D:5      | Noticed Menkaure
  4304 | D:5      | Reached skill level 5 in Fighting
  4360 | D:5      | Reached skill level 5 in Stealth
  4360 | D:5      | Reached XP level 8. HP: 49/62 MP: 8/8
  4463 | D:5      | Mangled by Menkaure

Illustrated notes

Levels and vault maps discovered:
D:1:      ebering_trefoil_twist, layout_loops_ring,
          ebering_ecumenical_altar_rust, serial_glass, glass_columns_a,
          glass_columns_c
D:2:      layout_basic, serial_forest, infiniplex_forest_clump_medium,
          infiniplex_forest_end_2, infiniplex_forest_clump_large,
          infiniplex_forest_lined_room_, infiniplex_forest_corner_1,
          infiniplex_forest_zigzag_2, serial_bayou_pond_c, uniq_robin
D:3:      layout_basic, chequers_temple_overflow_statue_of_worship,
          serial_curves, eino_curves_03, eino_curves_03, uniq_sigmund
D:4:      layout_basic, serial_aquarium, aquarium_bridge_square
          [aquarium_subvault_bridge, aquarium_subvault_bridge,
          aquarium_subvault_window, aquarium_subvault_wall], aquarium_window_1,
          aquarium_window_fake, aquarium_window_corner,
          aquarium_window_corridor_1, aquarium_view_2a, aquarium_view_2b,
          serial_shops, shop, uniq_edmund
D:5:      layout_rooms, uniq_menkaure

Skill      XL: |  1  2  3  4  5  6  7 |
---------------+----------------------+-----
Stealth        | 1 2 3 4 5 |  5.0
Fighting       | 3 4 5 |  5.2
Polearms       | 5 6 7 |  7.0
Dodging        | 5 6 7 |  7.0
Throwing       | |  2.0

Action                     |  1- 3 |  4- 6 |  7- 9 || total
---------------------------+-------+-------+-------++-------
  Melee: Trident           |   114 |   366 |   111 ||   591
         Tailslap          |     1 |       |       ||     1
         Punch             |       |     6 |     1 ||     7
  Throw: Dart              |       |     3 |       ||     3
         Throwing net      |       |     3 |       ||     3
    Use: Potion            |     1 |     1 |       ||     2
         Scroll            |     1 |       |       ||     1
   Stab: Sleeping          |     2 |     5 |     2 ||     9
         Distracted        |     1 |       |     1 ||     2
 Armour: Leather armour    |    51 |    57 |       ||   108
         Ring mail         |       |    31 |    79 ||   110
  Dodge: Dodged            |    48 |    92 |   108 ||   248
